TOP OF THE 1ST |
Madgascar Lemurs batting - Pitching for St. Petersburg Steelhawks : LHP Adisesan Nikitha
|
Pitching: LHP Adisesan Nikitha
|
|
Batting: RHB Ultac Anihla
|
0-0: Ball 1-0: Ball 2-0: Fly out, F9 (Line Drive, 89M, EV 99.4 MPH)
|
Batting: RHB Sarar Ahmadzai
|
0-0: Ball 1-0: Ball 2-0: Foul Ball, location: 23F 2-1: Ball 3-1: Fly out, F9 (Flyball, 9, EV 77.5 MPH)
|
Batting: RHB Panas Matlah
|
0-0: Ball 1-0: Called Strike 1-1: Ball 2-1: SINGLE (Line Drive, 56D, EV 110.0 MPH)
|
Batting: LHB Nikolay Pozlevich
|
0-0: Foul Ball, location: 25FF 0-1: Ground out 1-3 (Groundball, 34S, EV 61.9 MPH)
|
Top of the 1st over - 0 runs, 1 hit, 0 errors, 1 left on base; Madgascar 0 - St. Petersburg 0 |
BOTTOM OF THE 1ST |
St. Petersburg Steelhawks batting - Pitching for Madgascar Lemurs : LHP Anwar Suja
|
Pitching: LHP Anwar Suja
|
|
Batting: RHB Yong-su Jung
|
0-0: Foul Ball, location: 2F 0-1: Ball 1-1: Foul Ball, location: 2F 1-2: Ball 2-2: SINGLE (Groundball, 13, EV 66.3 MPH) (infield hit)
|
Batting: SHB Yazid bin Mufid
|
0-0: Fielders Choice at 2nd, 4-6 (Groundball, 34, EV 92.5 MPH)
|
Batting: LHB Yanis Gomes
|
0-0: Ball 1-0: Foul Ball, location: 2F 1-1: Foul Ball, location: 7LDF 1-2: Grounds into double play, 4-6-3 (Groundball, 4, EV 87.5 MPH)
|
Bottom of the 1st over - 0 runs, 1 hit, 0 errors, 0 left on base; Madgascar 0 - St. Petersburg 0 |
TOP OF THE 2ND |
Madgascar Lemurs batting - Pitching for St. Petersburg Steelhawks : LHP Adisesan Nikitha
|
Batting: LHB Jack Davies
|
0-0: Called Strike 0-1: Ball 1-1: Ball 2-1: Ball 3-1: Base on Balls
|
Batting: RHB Min-ho Na
|
0-0: Foul Ball, location: 3DF 0-1: Ball 1-1: Foul Ball, location: 5FF 1-2: Strikes out swinging
|
Batting: LHB Tullu Addae
|
0-0: Called Strike 0-1: Ball 1-1: Ball 2-1: Ball 3-1: Foul Ball, location: 7LMF 3-2: Strikes out looking
|
Batting: LHB Yellel Chitundu
|
0-0: Ball 1-0: Ball 2-0: Foul Ball, location: 2RF 2-1: Ball 3-1: Base on Balls Jack Davies to second
|
Batting: RHB Ivan Pechman
|
0-0: Called Strike 0-1: Ball 1-1: Ball 2-1: Ball 3-1: Swinging Strike 3-2: Strikes out looking
|
Top of the 2nd over - 0 runs, 0 hits, 0 errors, 2 left on base; Madgascar 0 - St. Petersburg 0 |
BOTTOM OF THE 2ND |
St. Petersburg Steelhawks batting - Pitching for Madgascar Lemurs : LHP Anwar Suja
|
Batting: RHB Robert Robles
|
0-0: TRIPLE (Flyball, 78XD, EV 90.6 MPH)
|
Batting: SHB Manjit Prithvi
|
0-0: SINGLE (Line Drive, 6MD, EV 107.5 MPH) Robert Robles scores
|
Batting: RHB Jordan Varona
|
0-0: Ball 1-0: DOUBLE (Flyball, 89XD, EV 111.3 MPH) Manjit Prithvi to third
|
Batting: RHB Jing-sheng Yan
|
0-0: Ball 1-0: Foul Ball, location: 2F 1-1: Ball 2-1: Ball 3-1: Fly out, F8 (Line Drive, 8RM, EV 96.3 MPH) Runner from 3rd tags up, SCORES, no throw by CF
|
Batting: RHB Myun-gu Park
|
0-0: Called Strike 0-1: Ball 1-1: Ground out 4-3 (Groundball, 4, EV 82.5 MPH) Jordan Varona to third
|
Batting: RHB David Cuentas
|
0-0: Called Strike 0-1: Called Strike 0-2: Ball Wild Pitch! Jordan Varona scores 1-2: Ground out 5-3 (Groundball, 56S, EV 86.9 MPH)
|
Bottom of the 2nd over - 3 runs, 3 hits, 0 errors, 0 left on base; Madgascar 0 - St. Petersburg 3 |
TOP OF THE 3RD |
Madgascar Lemurs batting - Pitching for St. Petersburg Steelhawks : LHP Adisesan Nikitha
|
Batting: RHB Ultac Anihla
|
0-0: Ground out 5-3 (Groundball, 56, EV 91.9 MPH)
|
Batting: RHB Sarar Ahmadzai
|
0-0: Called Strike 0-1: Ball 1-1: Ball 2-1: Foul Ball, location: 3F 2-2: Ball 3-2: Base on Balls
|
Batting: RHB Panas Matlah
|
0-0: Foul Ball, location: 2RF 0-1: SINGLE (Line Drive, 9S, EV 88.8 MPH) Sarar Ahmadzai to second
|
Batting: LHB Nikolay Pozlevich
|
0-0: Ball 1-0: Swinging Strike 1-1: Ball 2-1: Foul Ball, location: 2LF 2-2: Ball 3-2: Base on Balls Sarar Ahmadzai to third Panas Matlah to second
|
Batting: LHB Jack Davies
|
0-0: Ball 1-0: Ball 2-0: Called Strike 2-1: Swinging Strike 2-2: Strikes out swinging
|
Batting: RHB Min-ho Na
|
0-0: Called Strike 0-1: Foul Ball, location: 25F 0-2: Ball 1-2: Ball 2-2: Ball 3-2: Foul Ball, location: 9LDF 3-2: SINGLE (Line Drive, 3D, EV 107.5 MPH) Sarar Ahmadzai scores Panas Matlah to third Nikolay Pozlevich to second Panas Matlah scores Nikolay Pozlevich to third
|
Batting: LHB Tullu Addae
|
0-0: Foul Ball, location: 2F 0-1: Fly out, F5 (Popup, 25, EV 88.1 MPH)
|
Top of the 3rd over - 2 runs, 2 hits, 0 errors, 2 left on base; Madgascar 2 - St. Petersburg 3 |
BOTTOM OF THE 3RD |
St. Petersburg Steelhawks batting - Pitching for Madgascar Lemurs : LHP Anwar Suja
|
Batting: RHB Yong-su Jung
|
0-0: Foul Ball, location: 5F 0-1: Ground out 6-3 (Groundball, P, EV 85.0 MPH)
|
Batting: SHB Yazid bin Mufid
|
0-0: Ball 1-0: Foul Ball, location: 2F 1-1: Ball 2-1: Ball 3-1: Base on Balls
|
Batting: LHB Yanis Gomes
|
0-0: Called Strike 0-1: Grounds into double play, 6-4-3 (Groundball, 6, EV 86.3 MPH)
|
Bottom of the 3rd over - 0 runs, 0 hits, 0 errors, 0 left on base; Madgascar 2 - St. Petersburg 3 |
TOP OF THE 4TH |
Madgascar Lemurs batting - Pitching for St. Petersburg Steelhawks : LHP Adisesan Nikitha
|
Batting: LHB Yellel Chitundu
|
0-0: Called Strike 0-1: Ball 1-1: Ball 2-1: Swinging Strike 2-2: Strikes out swinging
|
Pitching: RHP Abdelwahab Tarik
|
|
Batting: RHB Ivan Pechman
|
0-0: Ground out 4-3 (Groundball, 4, EV 88.1 MPH)
|
Batting: RHB Ultac Anihla
|
0-0: Swinging Strike 0-1: Foul Ball, location: 23FF 0-2: Ball 1-2: Ball 2-2: Fly out, F8 (Line Drive, 8RD, EV 97.5 MPH)
|
Top of the 4th over - 0 runs, 0 hits, 0 errors, 0 left on base; Madgascar 2 - St. Petersburg 3 |
BOTTOM OF THE 4TH |
St. Petersburg Steelhawks batting - Pitching for Madgascar Lemurs : LHP Anwar Suja
|
Batting: RHB Robert Robles
|
0-0: Ball 1-0: Ball 2-0: Foul Ball, location: 2F 2-1: Foul Ball, location: 2F 2-2: Ground out 6-3 (Groundball, 6, EV 82.5 MPH)
|
Batting: SHB Manjit Prithvi
|
0-0: Ground out 6-3 (Groundball, 6, EV 86.9 MPH)
|
Batting: RHB Jordan Varona
|
0-0: Ground out 4-3 (Groundball, 4, EV 87.5 MPH)
|
Bottom of the 4th over - 0 runs, 0 hits, 0 errors, 0 left on base; Madgascar 2 - St. Petersburg 3 |
TOP OF THE 5TH |
Madgascar Lemurs batting - Pitching for St. Petersburg Steelhawks : RHP Abdelwahab Tarik
|
Batting: RHB Sarar Ahmadzai
|
0-0: Called Strike 0-1: Ball 1-1: Ball 2-1: Foul Ball, location: 2F 2-2: Ground out 4-3 (Groundball, 4, EV 101.3 MPH)
|
Batting: RHB Panas Matlah
|
0-0: Ball 1-0: SINGLE (Line Drive, 8LS, EV 86.3 MPH)
|
Batting: LHB Nikolay Pozlevich
|
0-0: Ball 1-0: Called Strike 1-1: Ball 2-1: Called Strike 2-2: Foul Ball, location: 9LSF 2-2: Strikes out looking
|
Batting: LHB Jack Davies
|
0-0: Ball 1-0: Called Strike 1-1: Foul Ball, location: 7LMF 1-2: Ball 2-2: Foul Ball, location: 7LMF 2-2: Ball 3-2: Foul Ball, location: 7LSF 3-2: Foul Ball, location: 3F 3-2: Foul Ball, location: 2F 3-2: Foul Ball, location: 2F 3-2: Fly out, F9 (Line Drive, 9, EV 81.9 MPH)
|
Top of the 5th over - 0 runs, 1 hit, 0 errors, 1 left on base; Madgascar 2 - St. Petersburg 3 |
BOTTOM OF THE 5TH |
St. Petersburg Steelhawks batting - Pitching for Madgascar Lemurs : LHP Anwar Suja
|
Batting: RHB Jing-sheng Yan
|
0-0: Ball 1-0: Ball 2-0: SINGLE (Line Drive, 78S, EV 95.0 MPH)
|
Batting: RHB Myun-gu Park
|
0-0: Ball 1-0: Swinging Strike 1-1: Called Strike 1-2: Ball 2-2: Ball 3-2: Foul Ball, location: 25FF 3-2: Foul Ball, location: 25FF 3-2: Fielders Choice at 2nd, 2-6 (Groundball, 13S, EV 66.9 MPH)
|
Batting: RHB David Cuentas
|
0-0: Ball 1-0: Called Strike 1-1: Swinging Strike 1-2: SINGLE (Groundball, 4MD, EV 99.4 MPH) Myun-gu Park to second Runner from 2nd tries for 3rd, SAFE, throw by CF made to third David Cuentas to second
|
Batting: RHB Yong-su Jung
|
0-0: Ball 1-0: Ball 2-0: DOUBLE (Flyball, 89D, EV 95.0 MPH) Myun-gu Park scores David Cuentas scores
|
Batting: SHB Yazid bin Mufid
|
0-0: Ball 1-0: Foul Ball, location: 5F 1-1: Swinging Strike 1-2: Fly out, F8 (Flyball, 8RXD, EV 102.5 MPH) Runner from 2nd tags up, SAFE at 3rd, no throw by CF
|
Batting: LHB Yanis Gomes
|
0-0: Foul Ball, location: 2F 0-1: Ground out U3 (Groundball, 3S, EV 83.1 MPH)
|
Bottom of the 5th over - 2 runs, 3 hits, 0 errors, 1 left on base; Madgascar 2 - St. Petersburg 5 |
TOP OF THE 6TH |
Madgascar Lemurs batting - Pitching for St. Petersburg Steelhawks : RHP Abdelwahab Tarik
|
Batting: RHB Min-ho Na
|
0-0: Ground out 5-3 (Groundball, 15, EV 82.5 MPH)
|
Batting: LHB Tullu Addae
|
0-0: Ball 1-0: Ball 2-0: Ball 3-0: Called Strike 3-1: Swinging Strike 3-2: Foul Ball, location: 2F 3-2: Ground out 4-3 (Groundball, 4, EV 100.0 MPH)
|
Batting: LHB Yellel Chitundu
|
0-0: Ball 1-0: Swinging Strike 1-1: Called Strike 1-2: Ball 2-2: Strikes out swinging
|
Top of the 6th over - 0 runs, 0 hits, 0 errors, 0 left on base; Madgascar 2 - St. Petersburg 5 |
BOTTOM OF THE 6TH |
St. Petersburg Steelhawks batting - Pitching for Madgascar Lemurs : LHP Anwar Suja
|
Batting: RHB Robert Robles
|
0-0: Swinging Strike 0-1: Called Strike 0-2: Strikes out looking
|
Batting: SHB Manjit Prithvi
|
0-0: Ball 1-0: Swinging Strike 1-1: Ball 2-1: Swinging Strike 2-2: Fly out, F7 (Line Drive, 78D, EV 99.4 MPH)
|
Batting: RHB Jordan Varona
|
0-0: Ground out 6-3 (Groundball, 56, EV 108.1 MPH)
|
Bottom of the 6th over - 0 runs, 0 hits, 0 errors, 0 left on base; Madgascar 2 - St. Petersburg 5 |
TOP OF THE 7TH |
Madgascar Lemurs batting - Pitching for St. Petersburg Steelhawks : RHP Abdelwahab Tarik
|
Now at C: Dylan Constable
|
|
Batting: RHB Ivan Pechman
|
0-0: Ball 1-0: SINGLE (Line Drive, 3D, EV 98.1 MPH)
|
Batting: RHB Ultac Anihla
|
0-0: Ball 1-0: Ball 2-0: Fly out, F8 (Flyball, 8LD, EV 85.6 MPH)
|
Batting: RHB Sarar Ahmadzai
|
0-0: Ball 1-0: Ball 2-0: Fly out, F8 (Flyball, 89S, EV 90.0 MPH)
|
Batting: RHB Panas Matlah
|
0-0: Ball 1-0: Swinging Strike 1-1: Foul Ball, location: 5SF 1-2: Strikes out swinging
|
Top of the 7th over - 0 runs, 1 hit, 0 errors, 1 left on base; Madgascar 2 - St. Petersburg 5 |
BOTTOM OF THE 7TH |
St. Petersburg Steelhawks batting - Pitching for Madgascar Lemurs : LHP Anwar Suja
|
Batting: RHB Jing-sheng Yan
|
0-0: Swinging Strike 0-1: Ball 1-1: Ball 2-1: Ground out 2-3 (Groundball, 2R, EV 66.3 MPH)
|
Batting: RHB Myun-gu Park
|
0-0: Ball 1-0: Ball 2-0: Foul Ball, location: 2F 2-1: Swinging Strike 2-2: Foul Ball, location: 5FF 2-2: Reached on error, E6 (Groundball, 6, EV 83.8 MPH)
|
Batting: RHB David Cuentas
|
0-0: Grounds into double play, 1-6-3 (Groundball, 13S, EV 62.5 MPH)
|
Bottom of the 7th over - 0 runs, 0 hits, 1 error, 0 left on base; Madgascar 2 - St. Petersburg 5 |
TOP OF THE 8TH |
Madgascar Lemurs batting - Pitching for St. Petersburg Steelhawks : RHP Abdelwahab Tarik
|
Pitching: RHP Serdar Erkal
|
|
Batting: LHB Nikolay Pozlevich
|
0-0: Ball 1-0: Fly out, F7 (Flyball, 78S, EV 97.5 MPH)
|
Batting: LHB Jack Davies
|
0-0: Called Strike 0-1: Ball 1-1: SINGLE (Line Drive, 6MD, EV 95.6 MPH)
|
Batting: RHB Min-ho Na
|
0-0: Called Strike 0-1: Ball Wild Pitch! Jack Davies to second 1-1: Foul Ball, location: 3F 1-2: Ball 2-2: SINGLE (Line Drive, 9S, EV 88.1 MPH) Jack Davies to third
|
Batting: LHB Tullu Addae
|
0-0: Ball 1-0: Called Strike 1-1: Ball 2-1: DOUBLE (Line Drive, 78D, EV 103.1 MPH) Jack Davies scores Min-ho Na to third
|
Pinch Hitting: RHB Christoffer Bogedal
|
0-0: Swinging Strike 0-1: Called Strike 0-2: Strikes out swinging
|
Pinch Hitting: LHB Ghanim Miano
|
0-0: Ball 1-0: Ball 2-0: Ground out 2-3 (Groundball, 13S, EV 67.5 MPH)
|
Top of the 8th over - 1 run, 3 hits, 0 errors, 2 left on base; Madgascar 3 - St. Petersburg 5 |
BOTTOM OF THE 8TH |
St. Petersburg Steelhawks batting - Pitching for Madgascar Lemurs : LHP Anwar Suja
|
Now at C: Manh-Dung Bui
|
|
Now in LF: Ghanim Miano
|
|
Now in RF: Tullu Addae
|
|
Batting: RHB Yong-su Jung
|
0-0: SINGLE (Groundball, 4MD, EV 101.3 MPH)
|
Batting: RHB Dylan Constable
|
0-0: Ball 1-0: Swinging Strike 1-1: DOUBLE (Line Drive, 9LD, EV 111.3 MPH) Yong-su Jung to third
|
Batting: LHB Yanis Gomes
|
0-0: Called Strike 0-1: Ball 1-1: Ball 2-1: Fielders Choice at home, 3-2 (Groundball, 34, EV 92.5 MPH) Dylan Constable to third
|
Batting: RHB Robert Robles
|
0-0: Ball 1-0: Called Strike 1-1: Swinging Strike 1-2: Strikes out looking
|
Batting: SHB Manjit Prithvi
|
0-0: Ball 1-0: Fly out, F9 (Flyball, 9D, EV 106.9 MPH)
|
Bottom of the 8th over - 0 runs, 2 hits, 0 errors, 2 left on base; Madgascar 3 - St. Petersburg 5 |
TOP OF THE 9TH |
Madgascar Lemurs batting - Pitching for St. Petersburg Steelhawks : RHP Serdar Erkal
|
Pitching: RHP Fujiya Nomura
|
|
Batting: RHB Ultac Anihla
|
0-0: Ball 1-0: Ground out 6-3 (Groundball, 56, EV 103.8 MPH)
|
Batting: RHB Sarar Ahmadzai
|
0-0: Ball 1-0: Ball 2-0: Called Strike 2-1: Foul Ball, location: 5F 2-2: Foul Ball, location: 9LDF 2-2: SINGLE (Flyball, 8RS, EV 93.1 MPH)
|
Batting: RHB Panas Matlah
|
0-0: Called Strike 0-1: Ball 1-1: Swinging Strike 1-2: Grounds into double play, 4-6-3 (Groundball, 34, EV 86.9 MPH)
|
Top of the 9th over - 0 runs, 1 hit, 0 errors, 0 left on base; Madgascar 3 - St. Petersburg 5 |
|